Workbook

Sheet IDENTIFICAÇÃO DA UNIDADE
A2: Secretaria da Saúde do Estado da Bahia | J2: UNIDADE | K2: HMV
A3: Relatório de Informação Hospitalar | J3: ANO | K3: 2026
J4: MÊS | K4: SETEMBRO
B8: BLOCO A | D8: IDENTIFICAÇÃO DA UNIDADE | K8: VERSÃO 4.1
C10: Unidade: | D10: HOSPITAL MANOEL VICTORINO
C11: CNPJ: | D11: 05.413.531/0001-20
C12: CNES: | D12: 2493845
A13: Instituição Gestora: | D13: FUNDAÇÃO ABM DE PESQUISA E EXTENSÃO NA AREA DA SAUDE
C15: Endereço: | D15: PRAÇA CONSELHEIRO ALMEIDA COUTO,Nº412,NAZARÉ
C16: Cidade: | D16: SALVADOR/BA
A18: Responsável pela Unidade: | D18: SHIRLEY BATISTA
C19: Cargo: | D19: DIRETORIA GERAL
C20: Telefone: | D20: 71 9125-2163
C21: E-mail: | D21: DIRETORIAGERAL.HMV@FABAMED.ORG.BR

Sheet INFORMAÇÕES TÉCNICAS
A2: Secretaria da Saúde do Estado da Bahia | O2: UNIDADE: | P2: HMV
A3: Relatório de Informação Hospitalar | O3: ANO | P3: 2026
O4: MÊS | P4: SETEMBRO
I7: BLOCO B | K7: Informações Técnicas | O7: VERSÃO 4.0
K9: Presidente / Responsável | L9: Cons./Estado | M9: Número | N9: Suplente | O9: Cons./Estado | P9: Número
A10: 1. Comissão de Avaliação e Revisão de Prontuários: | K10: Vitoria Alice Alves de Olvieira | L10: CREMEB | M10: 40438 | N10: Sissi Aspera | O10: COREM | P10: 237591
A11: 2. Comissão de Avaliação e Revisão de Óbitos: | K11: Lais Gomes | L11: CREMEB | M11: 36881 | N11: Joselba Pereira | O11: COREN | P11: 126254
A12: 3. Comissão de Controle de Infecção Hospitalar: | K12: Anderson Vinicius | L12: CREMEB | M12: 767219 | N12: Loliza Michele Sousa da Silva | O12: COREN | P12: 957701
A13: 4. Comissão de Farmácia Terapeutica: | K13: Raissa Santos | L13: CRF | M13: 767220 | N13: Loliza Michele Sousa da Silva | O13: COREN | P13: 957701
A14: 5. Comissão de Ética Médica:
A15: 6. Comissão de Ética de Enfermagem:
A16: 7. Comissão Interna de Prevenção de Acidentes de Trabalho (CIPA):
A17: 8. Comissão de Humanização da Assistência: | K17: PrIscila Predeira | L17: PSICOLOGA | M17: 329887 | N17: Liilian Agapito | O17: S SOCIAL | P17: 24316
A18: 9. SAC - Serviço de Atendimento ao Cliente: | N18: Elane Machado

Sheet FINANCEIRO GERAL 
A2: Secretaria da Saúde do Estado da Bahia | D2: UNIDADE: | E2: HMV
A3: Relatório de Informação Hospitalar | D3: ANO: | E3: 2026
D4: MÊS: | E4: SETEMBRO
A7: BLOCO C | B7: SITUAÇÃO FINANCEIRA
A8: Campo | B8: Conceito | C8: Valor
A9: A | B9: SALDO ANTERIOR | C9: 1
A11: B | B11: TOTAL RECEITAS | C11: =SUM(C12:C14) -> 2749889.1
A12: B1 | B12: CONTRATO SESAB / LÍQUIDO RECEBIDO | C12: 2834827.7
A13: B2 | B13: APLICAÇÃO FINANCEIRA | C13: 496560.36
A14: B3 | B14: OUTROS RECEBIMENTOS | C14: -581499
A16: C | B16: TOTAL DESPESA | C16: =SUM(C17:C41) -> 2749889.1
A17: C1 | B17: FOLHA | C17: =SUM('FINANCEIRO DETALHADO '!D11:D18) -> 986686.34
A18: C2 | B18: SERVIÇOS MÉDICOS TERCEIRIZADOS | C18: =SUM('FINANCEIRO DETALHADO '!D19:D56) -> 573786.39
A19: C3 | B19: SERVIÇOS ASSISTENCIAIS TERCEIRIZADOS | C19: =SUM('FINANCEIRO DETALHADO '!D57:D63) -> 4900
A20: C4 | B20: MEDICAMENTOS | C20: ='FINANCEIRO DETALHADO '!D64+'FINANCEIRO DETALHADO '!D65 -> 180470.71
A21: C5 | B21: MATERIAIS MÉDICOS | C21: =SUM('FINANCEIRO DETALHADO '!D66:D70) -> 187914.06
A22: C6 | B22: LABORATÓRIO | C22: =SUM('FINANCEIRO DETALHADO '!D71:D75) -> 54738.72
A23: C7 | B23: NUTRIÇÃO | C23: =SUM('FINANCEIRO DETALHADO '!D76:D81) -> 356352.76
A24: C8 | B24: SERVIÇOS DE CONCESSÃO PÚBLICA | C24: =SUM('FINANCEIRO DETALHADO '!D82:D86) -> 2162.44
A25: C9 | B25: LIMPEZA E HIGIENIZAÇÃO | C25: ='FINANCEIRO DETALHADO '!D87+'FINANCEIRO DETALHADO '!D88 -> 69576.49
A26: C10 | B26: SERVIÇO DE MANUTENÇÃO | C26: =SUM('FINANCEIRO DETALHADO '!D89:D97) -> 57509.94
A27: C11 | B27: MATERIAIS DE MANUTENÇÃO | C27: =SUM('FINANCEIRO DETALHADO '!D98:D102) -> 4597.88
A28: C12 | B28: MATERIAL DE EXPEDIENTE | C28: ='FINANCEIRO DETALHADO '!D103+'FINANCEIRO DETALHADO '!D104 -> 18092.05
A29: C13 | B29: LAVANDERIA | C29: =SUM('FINANCEIRO DETALHADO '!D105:D107) -> 70266.24
A30: C14 | B30: TRANSPORTES | C30: =SUM('FINANCEIRO DETALHADO '!D108:D114) -> 5507.92
A31: C15 | B31: COMUNICAÇÃO E MARKETING | C31: =SUM('FINANCEIRO DETALHADO '!D115:D122) -> 37325
A32: C16 | B32: TEC. DA INFORMAÇÃO E COMUNICAÇÃO | C32: =SUM('FINANCEIRO DETALHADO '!D123:D125) -> 8773.21
A33: C17 | B33: VIAGENS | C33: =SUM('FINANCEIRO DETALHADO '!D126:D128) -> 0
A34: C18 | B34: CONSULTORIAS | C34: =SUM('FINANCEIRO DETALHADO '!D129:D133) -> 55151.24
A35: C19 | B35: TAXAS E JUROS | C35: =SUM('FINANCEIRO DETALHADO '!D134:D138) -> 3242.81
A36: C20 | B36: ENSINO E PESQUISA | C36: =SUM('FINANCEIRO DETALHADO '!D139:D142) -> 32320.34
A37: C21 | B37: MATERIAL PERMANENTE | C37: =SUM('FINANCEIRO DETALHADO '!D143:D149) -> 35444.78
A38: C22 | B38: IMPOSTOS | C38: =SUM('FINANCEIRO DETALHADO '!D150:D152) -> 3159.11
A39: C23 | B39: MATERIAL DE CONSUMO | C39: ='FINANCEIRO DETALHADO '!D153 -> 0
A40: C24 | B40: SEGUROS | C40: =SUM('FINANCEIRO DETALHADO '!D154:D156) -> 0
A41: C25 | B41: OUTROS NÃO DETALHADOS | C41: ='FINANCEIRO DETALHADO '!D157 -> 1910.65
B43: RESULTADO FINAL (A+B-C) | C43: =C9+C11-C16 -> 1
A46: D | B46: PROVISÃO TRABALHISTA (D1+D2) | C46: =SUM(C47:C48) -> 3570855.2
A47: D1 | B47: SALDO PROVISÃO ACUMULADO | C47: 3383979.9
A48: D2 | B48: PROVISÃO DO MÊS | C48: 186875.3
A51: Responsável pelo preenchimento
A53: Nome: | B53: Luciana de Jesus Santana
A54: Cargo: | B54: Analista de Prestação de Contas
A55: Telefone: | B55: (71) 3033-4507/3033-4528
A56: E-mail: | B56: PRESTACAODECONTAS@FABAMED.ORG.BR

Sheet FINANCEIRO DETALHADO 
B2: Secretaria da Saúde do Estado da Bahia UNIDADE: | D2: HMV
B3: Relatório de Informação Hospitalar ANO: | D3: 2026
C4: MÊS: | D4: SETEMBRO
B8: BLOCO D | C8: DETALHAMENTO DAS DESPESAS DA UNIDADE
A10: Campo | B10: Código Objeto / Código Conceito | C10: Nota Explicativa / Detalhamento da Despesa | D10: Valor Pago
A11: 1 | B11: 1 - Folha / 1.1 - Salários | D11: 746691.66
A12: 2 | B12: 1 - Folha / 1.2 - Obrigações Sociais / INSS
A13: 3 | B13: 1 - Folha / 1.3 - Obrigações Sociais / FGTS | D13: 148527.94
A14: 4 | B14: 1 - Folha / 1.4 - Obrigações Sociais / PIS
A15: 5 | B15: 1 - Folha / 1.5 - Benefícios | D15: 495.6
A16: 6 | B16: 1 - Folha / 1.6 - Provisão (13°, férias, rescisões etc) | D16: 89735.89
A17: 7 | B17: 1 - Folha / 1.7 - Seguros | D17: 1235.25
A18: 8 | B18: 1 - Folha / 1.8 - RPA (autônomo)
A19: 9 | B19: 2 - Serviços Médicos Terceirizados / 2.1 - Anestesiologia
A20: 10 | B20: 2 - Serviços Médicos Terceirizados / 2.2 - Vasculares
A21: 11 | B21: 2 - Serviços Médicos Terceirizados / 2.3 - Cardiologia
A22: 12 | B22: 2 - Serviços Médicos Terceirizados / 2.4 - Radiologia
A23: 13 | B23: 2 - Serviços Médicos Terceirizados / 2.5 - Oncologia
A24: 14 | B24: 2 - Serviços Médicos Terceirizados / 2.6 - Proctologia
A25: 15 | B25: 2 - Serviços Médicos Terceirizados / 2.7 - Urologia
A26: 16 | B26: 2 - Serviços Médicos Terceirizados / 2.8 - Cirurgia Plástica
A27: 17 | B27: 2 - Serviços Médicos Terceirizados / 2.9 - Cirurgia Geral | D27: 1900.27
A28: 18 | B28: 2 - Serviços Médicos Terceirizados / 2.10 - Cirurgia Cabeça e Pescoço
A29: 19 | B29: 2 - Serviços Médicos Terceirizados / 2.11 - Cirurgia Pediatrica
A30: 20 | B30: 2 - Serviços Médicos Terceirizados / 2.12 - Clínica Geral | D30: 230194.19
A31: 21 | B31: 2 - Serviços Médicos Terceirizados / 2.13 - Obstetrícia
A32: 22 | B32: 2 - Serviços Médicos Terceirizados / 2.14 - Ultrassonografia | D32: 4445.73
A33: 23 | B33: 2 - Serviços Médicos Terceirizados / 2.15 - Pediatria | D33: 169502.43
A34: 24 | B34: 2 - Serviços Médicos Terceirizados / 2.16 - Ortopedia
A35: 25 | B35: 2 - Serviços Médicos Terceirizados / 2.17 - Plantonistas
A36: 26 | B36: 2 - Serviços Médicos Terceirizados / 2.18 - Toco-Ginecologia
A37: 27 | B37: 2 - Serviços Médicos Terceirizados / 2.19 - Neurologia
A38: 28 | B38: 2 - Serviços Médicos Terceirizados / 2.20 - Infectologia | D38: 7268
A39: 29 | B39: 2 - Serviços Médicos Terceirizados / 2.21 - Pneumologia
A40: 30 | B40: 2 - Serviços Médicos Terceirizados / 2.22 - Gastroenterologia
A41: 31 | B41: 2 - Serviços Médicos Terceirizados / 2.23 - Coloproctologia
A42: 32 | B42: 2 - Serviços Médicos Terceirizados / 2.24 - Genecologia
A43: 33 | B43: 2 - Serviços Médicos Terceirizados / 2.25 - Hematologia
A44: 34 | B44: 2 - Serviços Médicos Terceirizados / 2.26 - Nefrologia | D44: 9749
A45: 35 | B45: 2 - Serviços Médicos Terceirizados / 2.27 - Angiologia
A46: 36 | B46: 2 - Serviços Médicos Terceirizados / 2.28 - Neonatologia
A47: 37 | B47: 2 - Serviços Médicos Terceirizados / 2.29 - Terapia Intensiva Adulto | D47: 117130.15
A48: 38 | B48: 2 - Serviços Médicos Terceirizados / 2.30 - Endocrinologia
A49: 39 | B49: 2 - Serviços Médicos Terceirizados / 2.31 - Nefropediatria
A50: 40 | B50: 2 - Serviços Médicos Terceirizados / 2.32 - Neuropediatria
A51: 41 | B51: 2 - Serviços Médicos Terceirizados / 2.33 - Cardiopediatria
A52: 42 | B52: 2 - Serviços Médicos Terceirizados / 2.34 - Oftalmologia
A53: 43 | B53: 2 - Serviços Médicos Terceirizados / 2.35 - Nutrologia
A54: 44 | B54: 2 - Serviços Médicos Terceirizados / 2.36 - Ecocardiografia | D54: 8176.5
A55: 45 | B55: 2 - Serviços Médicos Terceirizados / 2.37 - Ensino e Pesquisa
A56: 46 | B56: 2 - Serviços Médicos Terceirizados / 2.38 - Outras Especialidades Médicas | D56: 25420.12
A57: 47 | B57: 3 - Serviços Assistenciais Terceirizados / 3.1 - Hemodialise
A58: 48 | B58: 3 - Serviços Assistenciais Terceirizados / 3.2 - Endoscopia
A59: 49 | B59: 3 - Serviços Assistenciais Terceirizados / 3.3 - Internação Domiciliar
A60: 50 | B60: 3 - Serviços Assistenciais Terceirizados / 3.4 - Espirometria
A61: 51 | B61: 3 - Serviços Assistenciais Terceirizados / 3.5 - Eletroencefalograma
A62: 52 | B62: 3 - Serviços Assistenciais Terceirizados / 3.6 - Profissionais Nível Superior | D62: 4900
A63: 53 | B63: 3 - Serviços Assistenciais Terceirizados / 3.7 - Esterilização
A64: 54 | B64: 4 - Medicamentos / 4.1 - Medicamentos | D64: 177212.71
A65: 55 | B65: 4 - Medicamentos / 4.2 - Nutrição Parenteral | D65: 3258
A66: 56 | B66: 5 - Materiais Médicos / 5.1 - Material Penso | D66: 127822.4
A67: 57 | B67: 5 - Materiais Médicos / 5.2 - OPME | D67: 6745
A68: 58 | B68: 5 - Materiais Médicos / 5.3 - CME
A69: 59 | B69: 5 - Materiais Médicos / 5.4 - Gases Medicinais | D69: 53346.66
A70: 60 | B70: 5 - Materiais Médicos / 5.5 - Radiológicos
A71: 61 | B71: 6 - Laboratório / 6.1 - Insumos
A72: 62 | B72: 6 - Laboratório / 6.2 - Laboratório (Se Terceirizado) | D72: 187.2
A73: 63 | B73: 6 - Laboratório / 6.3 - PNCQ
A74: 64 | B74: 6 - Laboratório / 6.4 - Comodatos
A75: 65 | B75: 6 - Laboratório / 6.5 - Exames Terceirizados | D75: 54551.52
A76: 66 | B76: 7 - Nutrição / 7.1 - Gêneros Alimentícios | D76: 337235.94
A77: 67 | B77: 7 - Nutrição / 7.2 - Nutrição Enteral | D77: 9524.72
A78: 68 | B78: 7 - Nutrição / 7.3 - Água Mineral
A79: 69 | B79: 7 - Nutrição / 7.4 - GLP
A80: 70 | B80: 7 - Nutrição / 7.5 - Descartáveis | D80: 9592.1
A81: 71 | B81: 7 - Nutrição / 7.6 - Material de Limpeza
A82: 72 | B82: 8 - Serviços de Concessão Pública / 8.1 - Coleta de Lixo Hospitalar | D82: 2162.44
A83: 73 | B83: 8 - Serviços de Concessão Pública / 8.2 - Telefonia
A84: 74 | B84: 8 - Serviços de Concessão Pública / 8.3 - Provedor de Internet
A85: 75 | B85: 8 - Serviços de Concessão Pública / 8.4 - Água
A86: 76 | B86: 8 - Serviços de Concessão Pública / 8.5 - Energia Elétrica
A87: 77 | B87: 9 - Limpeza e Higienização / 9.1 - Serviço de Limpeza e Higienização (terceirizado) | D87: 25459.57
A88: 78 | B88: 9 - Limpeza e Higienização / 9.2 - Material de Limpeza e Higienização | D88: 44116.92
A89: 79 | B89: 10 - Serviços de Manutenção / 10.1 - Engenharia Clínica | D89: 9025
A90: 80 | B90: 10 - Serviços de Manutenção / 10.2 - Refrigeração | D90: 11970
A91: 81 | B91: 10 - Serviços de Manutenção / 10.3 - Detetização | D91: 3420
A92: 82 | B92: 10 - Serviços de Manutenção / 10.4 - Elevadores | D92: 6840
A93: 83 | B93: 10 - Serviços de Manutenção / 10.5 - Gerador de Energia | D93: 3242.58
A94: 84 | B94: 10 - Serviços de Manutenção / 10.6 - Contratos Manutenção Equip. Médico/Hospitalar | D94: 19402.36
A95: 85 | B95: 10 - Serviços de Manutenção / 10.7 - Servidor de Telefonia
A96: 86 | B96: 10 - Serviços de Manutenção / 10.8 - Central Telefônica
A97: 87 | B97: 10 - Serviços de Manutenção / 10.9 - Prestações Eventuais de Serviços Terc. PF e PJ | D97: 3610
A98: 88 | B98: 11 - Materiais de Manutenção / 11.1 - Material de Manutenção Predial | D98: 4597.88
A99: 89 | B99: 11 - Materiais de Manutenção / 11.2 - Material de Manutenção Equipamentos (demais)
A100: 90 | B100: 11 - Materiais de Manutenção / 11.3 - Material de Manutenção Engenharia Clínica
A101: 91 | B101: 11 - Materiais de Manutenção / 11.4 - Fretes e Carretos Engenharia Clínica
A102: 92 | B102: 11 - Materiais de Manutenção / 11.5 - EPI
A103: 93 | B103: 12 - Material de Expediente / 12.1 - Impressos | D103: 7142.05
A104: 94 | B104: 12 - Material de Expediente / 12.2 - Material Expediente | D104: 10950
A105: 95 | B105: 13 - Lavanderia / 13.1 - Processamento de Roupa | D105: 52552.24
...

Sheet GASES, LAVANDERIA E RESÍDUOS 
C2: Secretaria da Saúde do Estado da Bahia | F2: UNIDADE | G2: HMV
C3: Relatório de Informação Hospitalar | F3: ANO | G3: 2026
F4: MÊS | G4: SETEMBRO
A8: BLOCO E | C8: DETALHAMENTO DESPESAS COM GASES MEDICINAIS
B10: CAMPO | C10: ELEMENTOS DO CONTRATO | D10: MEDIDA | E10: CNPJ PRESTADOR | F10: QTDE. MÊS | G10: VALOR PAGO
B11: 1 | C11: Aluguel de Cilindro | D11: und. | F11: 7 | G11: 1176.01
B12: 2 | C12: Frete | D12: und.
B13: 3 | C13: Oxigênio Medicinal Gasoso | D13: m³
B14: 4 | C14: Oxigênio Medicinal Líquido | D14: m³ | E14: 24.380.578/0004-21 | G14: 25421.73
C15: Oxigênio Cil T (10m3 por cilindro) | D15: m³
B16: 5 | C16: Ar Comprimido Medicinal Gasoso | D16: m³
B17: 6 | C17: Óxido Nitroso Medicinal | D17: kg
B18: 7 | C18: Argônio 4.5 | D18: m³
B19: 8 | C19: Nitrogênio 4.6 | D19: m³
B20: 9 | C20: Nitrogênio Comercial | D20: m³
B21: 10 | C21: Dióxido de Carbono 99% | D21: kg
B22: 11 | C22: Unidade Remota de telemetria | D22: unid.
B23: 12 | C23: Assistencia tecnica preventiva basica | D23: unid.
B24: TOTAL GERAL NO MÊS | G24: =SUM(G11:G23) -> 26597.74
C27: DETALHAMENTO DESPESAS COM LAVANDERIA
B29: CAMPO | C29: ELEMENTOS DO CONTRATO | D29: MEDIDA | E29: CNPJ PRESTADOR | F29: QTDE. MÊS | G29: VALOR PAGO
B30: 1 | C30: Processamento de Roupa | D30: kg | E30: 04.861.978/0001-07 | F30: 563 | G30: 56924.05
B31: 2 | C31: Processamento de Roupa | D31: kg
B32: TOTAL GERAL NO MÊS | F32: =SUM(F30) -> 563 | G32: =SUM(G30:G31) -> 56924.05
C35: DETALHAMENTO DESPESAS COM DESCARTE DE RESÍDUOS SÓLIDOS E LÍQUIDOS
B37: CAMPO | C37: ELEMENTOS DO CONTRATO | D37: MEDIDA | E37: CNPJ PRESTADOR | F37: QTDE. MÊS | G37: VALOR PAGO
B38: 1 | C38: Descarte de Resíduos Hospitalares (Sólidos e Líquidos) | D38: kg | E38: 01.568.077/0011-05 | F38: 41 | G38: 1161.209
B39: 2 | C39: Descarte de Resíduos Hospitalares (Sólidos e Líquidos) | D39: kg
B40: TOTAL GERAL NO MÊS | F40: =SUM(F38:F39) -> 41 | G40: =SUM(G38:G39) -> 1161.209
C44: Responsável pelo preenchimento
B46: Nome: | C46: Vitor
B47: Cargo: | C47: Financeiro
B48: Telefone: | C48: 71 99708-8040
B49: E-mail: | C49: financeiro.hmv@fabamed.org.br

Sheet EQUIPAMENTOS
E2: Secretaria da Saúde do Estado da Bahia | J2: UNIDADE | K2: HMV
E3: Relatório de Informação Hospitalar | J3: ANO | K3: 2026
J4: MÊS | K4: SETEMBRO
B8: BLOCO G | D8: RELAÇÃO DE EQUIPAMENTOS MÉDICO-HOSPITALAR
A10: Campo | B10: Equipamento | C10: Data de Aquisição do Equipamento | D10: Fabricante | E10: Modelo | F10: Série | G10: Tombamento SESAB | H10: Estado de Conservação | I10: Setor / Localização | J10: Contrato Manutenção | K10: Empresa Contratada | L10: Valor do Contrato | M10: Data da Ultima Realização de Manutenção Preventiva no Mês | N10: Data da Ultima Realização de Manutenção Corretiva no Mês | O10: Custo Manutenção Corretiva / Equipamento Sem Cobertura | P10: Descrição dos Serviços Realizados no Mês | Q10: Número Dias Parados | R10: Impacto na Assistência
A11: 1 | B11: APARELHO ANESTESIA
A12: =A11+1 -> 2 | B12: APARELHO CARDIOVERSOR
A13: =A12+1 -> 3 | B13: APARELHO CARDIOVERSOR
A14: =A13+1 -> 4 | B14: APARELHO CARDIOVERSOR
A15: =A14+1 -> 5 | B15: APARELHO CARDIOVERSOR
A16: =A15+1 -> 6 | B16: APARELHO CARDIOVERSOR
A17: =A16+1 -> 7 | B17: APARELHO CARDIOVERSOR
A18: =A17+1 -> 8 | B18: APARELHO DE ANESTESIA
A19: =A18+1 -> 9 | B19: APARELHO DE ANESTESIA
A20: =A19+1 -> 10 | B20: APARELHO DE ANESTESIA
A21: =A20+1 -> 11 | B21: APARELHO DE ANESTESIA
A22: =A21+1 -> 12 | B22: APARELHO DE ANESTESIA
A23: =A22+1 -> 13 | B23: APARELHO DE ANESTESIA
... A58: =A57+1 -> 48 | B58: ARCO CIRÚRGICO MOVEL
A59: COM DEFEITO | B59: ASPIRADOR PARA SECREÇÃO
A60: 49 | B60: BISTUJRI ELETRICO
A61: =A60+1 -> 50 | B61: BISTUJRI ELETRICO
A62: =A61+1 -> 51 | B62: BISTURI ELETRICO
A63: =A62+1 -> 52 | B63: BISTURI ELETRONICO
A64: =A63+1 -> 53 | B64: BISTURI ELETRONICO TIPO MICROPROCESSADO
A65: =A64+1 -> 54 | B65: CARRO MACA REMOVIVEL
A66: =A65+1 -> 55 | B66: CARRO MACA REMOVIVEL
A67: =A66+1 -> 56 | B67: CENTRIFUGA MACRO
A68: =A67+1 -> 57 | B68: DESFIBRILADOR
A69: =A68+1 -> 58 | B69: ESTUFA BACTERIOLOGICA
A70: =A69+1 -> 59 | B70: ESTUFA BACTERIOLOGICA
A71: =A70+1 -> 60 | B71: FOCO CIRURGICO
A72: =A71+1 -> 61 | B72: FOCO CIRURGICO
... A145: =A144+1 -> 134 | B145: ARCO CIRURGICO MOVEL
C150: Responsável pelo preenchimento
B152: Nome:
B153: Cargo:
B154: Telefone:
B155: E-mail:

Sheet ATIVIDADE I
E2: UNIDADE | F2: HMV
C3: Secretaria da Saúde do Estado da Bahia | E3: ANO | F3: 2026
C4: Relatório de Informação Hospitalar | E4: MÊS | F4: SETEMBRO
A10: BLOCO J | B10: ÁREA DE INTERNAÇÃO
A11: Campo | B11: Unidades | C11: Unidade de Internação | D11: Altas | E11: Transferências Externas | F11: Transferências Internas | G11: Evasão | H11: Óbitos < 24 h | I11: Óbitos > 24 h | J11: SAÍDAS POR CLÍNICA
A13: 1,2,3 | B13: Número de Pacientes | C13: INTERNAÇÃO ENFERMARIA | D13: =SUM(D14:D15) -> 331 | E13: =SUM(E14:E15) -> 22 | F13: =SUM(F14:F15) -> 56 | G13: =SUM(G14:G15) -> 5 | H13: =SUM(H14:H15) -> 0 | I13: =SUM(I14:I15) -> 0 | J13: =SUM(J14:J15) -> 358 | K13: =226-4 -> 222 | M13: ok
A14: 1 | C14: CLINICA MÉDICA | D14: =210 -> 210 | E14: =16 -> 16 | F14: =56 -> 56 | G14: =4 -> 4 | H14: 0 | I14: 0 | J14: =SUM(D14,E14,G14,H14,I14) -> 230 | K14: =+D14/J$13 -> 0.58659218 | L14: =+K$13*K14 -> 130.22346
A15: 2 | C15: CLÍNICA PEDIÁTRICA | D15: 121 | E15: 6 | F15: 0 | G15: 1 | H15: 0 | I15: 0 | J15: =SUM(D15,E15,G15,H15,I15) -> 128 | K15: =+D15/J$13 -> 0.33798883 | L15: =+K$13*K15 -> 75.03352
A16: 5 | C16: UTI - Unidade de Terapia Intensiva Tipo II | D16: 0 | E16: 1 | F16: 25 | G16: 0 | H16: 0 | I16: 5 | J16: =SUM(I16,H16,G16,E16,D16) -> 6
A17: TOTAL | D17: =SUM(D13,D16) -> 331 | E17: =SUM(E13,E16) -> 23 | F17: =SUM(F13,F16) -> 81 | G17: =SUM(G13,G16) -> 5 | H17: =SUM(H13,H16) -> 0 | I17: =SUM(I13,I16) -> 5 | J17: =SUM(J14:J16) -> 364
B19: TOTAL DE SAÍDAS (Altas+Óbitos+Transf.Externas+Evasão) | D19: =SUM(J17) -> 364
A21: Campo | B21: Unidades | C21: Unidade de Internação | D21: Nº de leitos CONTRATADOS | E21: Nº de pacientes/dia | F21: Nº de leitos dia no mês | G21: Infec. Hospitalar | H21: Nº de leitos ATIVOS | I21: Motivo Inativação do Leito
A23: 9,10,11 | B23: Número de Leitos e Leitos Dia | C23: INTERNAÇÃO ENFERMARIA | D23: =SUM(D24:D25) -> 98 | E23: =SUM(E24:E25) -> 2408 | F23: =SUM(F24:F25) -> 2940 | G23: =SUM(G24:G25) -> 1 | H23: =SUM(H24:H25) -> 98
A24: 9 | C24: CLINICA MÉDICA | D24: 68 | E24: 1766 | F24: =D24*D29 -> 2040 | G24: 1 | H24: 68
A25: 10 | C25: CLÍNICA PEDIÁTRICA | D25: 30 | E25: 642 | F25: =D25*D29 -> 900 | G25: 0 | H25: 30
A26: 13 | C26: UTI - Unidade de Terapia Intensiva Tipo II | D26: 10 | E26: 293 | F26: =D26*D29 -> 300 | G26: 4 | H26: 10
A27: TOTAL | D27: =SUM(D26:D26,D23) -> 108 | E27: =SUM(E23,E26) -> 2701 | F27: =SUM(F24:F26) -> 3240 | G27: =SUM(G23,G26) -> 5 | H27: =SUM(H23,H26) -> 108
F28: nº LEITO CONTRATADO * Nº DIAS MÊS
C29: Nº de dias do mês | D29: 30
A35: BLOCO K | B35: INDICADORES SELECIONADOS
A36: UNIDADE DE INTERNAÇÃO | C36: TAXA DE OCUPAÇÃO | D36: MÉDIA DE PERMANÊNCIA (em dias) | E36: ÍNDICE DE ROTATIVIDADE SAÍDAS/LEITO | F36: TAXA DE MORTALIDADE | H36: TAXA DE INFECÇÃO HOSPITALAR
F37: GERAL | G37: INSTIT.
A38: CLINICA MÉDICA | B38: CLINICA MÉDICA | C38: =IF(E24=0,0,E24/F24) -> 0.86568627 | D38: =IF(E23=0,0,E23/J13) -> 6.726257 | E38: =IF(D23=0,0,(J13+F13)/D23) -> 4.2244898 | F38: =IF(H13+I13=0,0,(H13+I13)/$D$19) -> 0 | G38: =IF(I13=0,0,I13/$D$19) -> 0 | H38: =IF(G24=0,0,G24/$D$19) -> 0.0027472527
A39: CLÍNICA PEDIÁTRICA | B39: CLÍNICA PEDIÁTRICA | C39: =IF(E25=0,0,E25/F25) -> 0.71333333 | D39: =IF(E24=0,0,E24/J14) -> 7.6782609 | E39: =IF(D24=0,0,(J14+F14)/D24) -> 4.2058824 | F39: =IF(H14+I14=0,0,(H14+I14)/$D$19) -> 0 | G39: =IF(I14=0,0,I14/$D$19) -> 0 | H39: =IF(G25=0,0,G25/$D$19) -> 0
A40: UTI - Unidade de Terapia Intensiva | B40: UTI - Unidade de Terapia Intensiva | C40: =IF(E26=0,0,E26/F26) -> 0.97666667 | D40: =IF(E26=0,0,E26/J16) -> 48.833333 | E40: =IF(D26=0,0,(J16+F16)/D26) -> 3.1 | F40: =IF(H15+I15=0,0,(H15+I15)/$D$19) -> 0 | G40: =IF(I16=0,0,I16/$D$19) -> 0.013736264 | H40: =IF(G26=0,0,G26/$D$19) -> 0.010989011
A41: INDICADOR GLOBAL | C41: =IF(E27=0,0,E27/F27) -> 0.83364198 | D41: =IF(E27=0,0,E27/(D19)) -> 7.4203297 | E41: =IF(D27=0,0,(D19+F17)/D27) -> 4.1203704 | F41: =IF(H17+I17=0,0,(H17+I17)/$D$19) -> 0.013736264 | G41: =IF(I17=0,0,I17/$D$19) -> 0.013736264 | H41: =IF(G27=0,0,G27/$D$19) -> 0.013736264
C45: Responsável pelo preenchimento
A47: Nome:
B48: Cargo:
B49: Telefone:
B50: E-mail:
E55: UNIDADE | F55: HMV
C56: Secretaria da Saúde do Estado da Bahia | E56: ANO | F56: 2026
C57: Relatório de Informação Hospitalar | E57: MÊS | F57: ABRIL
A63: BLOCO J | B63: ÁREA DE INTERNAÇÃO
A64: Campo | B64: Unidades | C64: Unidade de Internação | D64: Altas | E64: Transferências Externas | F64: Transferências Internas | G64: Evasão | H64: Óbitos < 24 h | I64: Óbitos > 24 h | J64: SAÍDAS POR CLÍNICA
A66: 1,2,3 | B66: Número de Pacientes | C66: INTERNAÇÃO ENFERMARIA | D66: 371 | E66: 21 | F66: 24 | G66: 4 | H66: 0 | I66: 4 | J66: 400
A67: 1 | C67: CLINICA MÉDICA | D67: 232 | E67: 15 | F67: 24 | G67: 3 | H67: 0 | I67: 4 | J67: 254
A68: 2 | C68: CLÍNICA PEDIÁTRICA | D68: 139 | E68: 6 | F68: 0 | G68: 1 | H68: 0 | I68: 0 | J68: 146
A69: 5 | C69: UTI - Unidade de Terapia Intensiva Tipo II | D69: 0 | E69: 21 | F69: 1 | G69: 0 | H69: 0 | I69: 5 | J69: 26
A70: TOTAL | D70: 371 | E70: 42 | F70: 25 | G70: 4 | H70: 0 | I70: 9 | J70: 426
B72: TOTAL DE SAÍDAS (Altas+Óbitos+Transf.Externas+Evasão) | D72: 426
A74: Campo | B74: Unidades | C74: Unidade de Internação | D74: Nº de leitos CONTRATADOS | E74: Nº de pacientes/dia | F74: Nº de leitos dia no mês | G74: Infec. Hospitalar | H74: Nº de leitos ATIVOS | I74: Motivo Inativação do Leito
A76: 9,10,11 | B76: Número de Leitos e Leitos Dia | C76: INTERNAÇÃO ENFERMARIA | D76: 98 | E76: 2450 | F76: 2940 | G76: 0 | H76: 2659
A77: 9 | C77: CLINICA MÉDICA | D77: 68 | E77: 1793 | F77: 2040 | G77: 0 | H77: 1882 | I77: Houveram bloqueios clínicos e por manutenção
A78: 10 | C78: CLÍNICA PEDIÁTRICA | D78: 30 | E78: 657 | F78: 900 | G78: 0 | H78: 777 | I78: Houveram bloqueios clínicos e por manutenção
A79: 13 | C79: UTI - Unidade de Terapia Intensiva Tipo II | D79: 10 | E79: 282 | F79: 300 | G79: 0 | H79: 300
A80: TOTAL | D80: 108 | E80: 2732 | F80: 3240 | G80: 0 | H80: 2959
F81: nº LEITO CONTRATADO * Nº DIAS MÊS
C82: Nº de dias do mês | D82: 30
A88: BLOCO K | B88: INDICADORES SELECIONADOS
A89: UNIDADE DE INTERNAÇÃO | C89: TAXA DE OCUPAÇÃO | D89: MÉDIA DE PERMANÊNCIA (em dias) | E89: ÍNDICE DE ROTATIVIDADE SAÍDAS/LEITO | F89: TAXA DE MORTALIDADE | H89: TAXA DE INFECÇÃO HOSPITALAR
F90: GERAL | G90: INSTIT.
A91: CLINICA MÉDICA | C91: 0.879 | D91: 6.13 | E91: 4.3 | F91: 0.009 | G91: 0.009 | H91: 0
A92: CLÍNICA PEDIÁTRICA | C92: 0.73 | D92: 7.06 | E92: 4.1 | F92: 0.009 | G92: 0.009 | H92: 0
A93: UTI - Unidade de Terapia Intensiva | C93: 0.94 | D93: 10.85 | E93: 2.7 | F93: 0 | G93: 0.012 | H93: 0
A94: INDICADOR GLOBAL | C94: 0.84 | D94: 6.41 | E94: 4.2 | F94: 0.021 | G94: 0.021 | H94: 0
B99: Responsável pelo preenchimento
A101: Nome: | B101: FRANCISCO MESCENA
A102: Cargo: | B102: coordenador
A103: Telefone: | B103: 71 98398-7766
A104: E-mail: | B104: coord.adm.hmv@fabamed.org.br

Sheet ATIVIDADE II
C4: Secretaria da Saúde do Estado da Bahia | D4: UNIDADE | E4: HMV
C5: Relatório de Informação Hospitalar | D5: ANO | E5: 2026
D6: MÊS | E6: SETEMBRO
B10: BLOCO L - GESTÃO DA CLÍNICA
B12: Campo | C12: Item | D12: Total
B13: 1 | C13: Total de pacientes internados no período | D13: 532
B14: 2 | C14: Total de casos discutidos pela equipe multidisciplinar | D14: 0
B15: 3 | C15: Percentual de casos discutidos
B17: BLOCO M - GESTÃO DE PESSOAS
B19: Campo | C19: Item | D19: Total
B20: 1 | C20: Nº. de reuniões de educação permanente com equipe multiprofissional | D20: 3
B23: BLOCO N - DESEMPENHO ÁREA DE HUMANIZAÇÃO
B25: Campo | C25: Item | D25: Total
B26: 1 | C26: Quantidade de pacientes de longa permanência que tiveram alta | D26: 0
B27: 2 | C27: Quantidade de cuidadores treinados dos pacientes de alta
B28: 3 | C28: Percentual de cuidadores treinados em relação a pacientes de longa permanência que tiveram alta | D28: #DIV/0!
B32: BLOCO O - INDICADORES DE QUALIDADE (PROFISSIONAIS DE NIVEL MÉDIO)
B34: Campo | C34: Item | D34: Total
B35: 1 | C35: Total de profissionais de nivel técnico,sem experiencia anterior comprovada ,contratados a titulo de primeiro emprego
B36: 2 | C36: Total geral de profissionais de nivel técnico
B37: 3 | C37: Percentual de profissionais de nivel técnico,sem experiencia anterior comprovada ,contratados a titulo de primeiro emprego | D37: #DIV/0!
B39: BLOCO P - INDICADORES DE QUALIDADE (PROFISSIONAIS DE NIVEL SUPERIOR)
B41: Campo | C41: Item | D41: Total
B42: 1 | C42: Total de profissionais de nivel superior,sem experiencia anterior comprovada ,contratados a titulo de primeiro emprego
B43: 2 | C43: Total geral de profissionais de nivel superior
B44: 3 | C44: Percentual de profissionais de nivel superior,sem experiencia anterior comprovada ,contratados a titulo de primeiro emprego | D44: #DIV/0!

Sheet NUTRIÇÃO
C4: Secretaria da Saúde do Estado da Bahia | F4: UNIDADE | G4: HMV
C5: Relatório de Informação Hospitalar | F5: ANO | G5: 2026
F6: MÊS | G6: SETEMBRO | H6: OK
A10: BLOCO F | C10: DETALHAMENTO DESPESAS COM NUTRIÇÃO HOSPITALAR
B12: CAMPO | C12: ELEMENTOS DO CONTRATO | D12: MEDIDA | E12: CNPJ PRESTADOR | F12: QTDE. MÊS | G12: VALOR PAGO
B13: 1 | C13: 1. Paciente Adulto / 1.1 Desjejum | D13: und. | E13: 17.475.068/0001-20 | F13: 1958 | G13: 14880.8
B14: 2 | C14: 1. Paciente Adulto / 1.2 Colação | D14: und. | E14: 17.475.068/0001-20 | F14: 1834 | G14: 9536.8
B15: 3 | C15: 1. Paciente Adulto / 1.3 Almoço | D15: und. | E15: 17.475.068/0001-20 | F15: 2043 | G15: 39634.2
B16: 4 | C16: 1. Paciente Adulto / 1.4 Lanche | D16: und. | E16: 17.475.068/0001-20 | F16: 1869 | G16: 10466.4
B17: 5 | C17: 1. Paciente Adulto / 1.5 Jantar | D17: und. | E17: 17.475.068/0001-20
B18: 6 | C18: 1. Paciente Adulto / 1.6 Ceia completa | D18: und. | E18: 17.475.068/0001-20 | F18: 1829 | G18: 25423.1
B19: 7 | C19: 1. Paciente Adulto / 1.7 Ceia leve | D19: und. | E19: 17.475.068/0001-20 | F19: 1944 | G19: 13413.6
B20: 8 | C20: 2. Paciente Infantil / 2.1 Desjejum | D20: und. | E20: 17.475.068/0001-20 | F20: 585 | G20: 4446
B21: 9 | C21: 2. Paciente Infantil / 2.2 Colação | D21: und. | E21: 17.475.068/0001-20 | F21: 549 | G21: 2854.8
B22: 10 | C22: 2. Paciente Infantil / 2.3 Almoço | D22: und. | E22: 17.475.068/0001-20 | F22: 610 | G22: 11834
B23: 11 | C23: 2. Paciente Infantil / 2.4 Lanche | D23: und. | E23: 17.475.068/0001-20 | F23: 560 | G23: 3136
B24: 12 | C24: 2. Paciente Infantil / 2.5 Jantar | D24: und. | E24: 17.475.068/0001-20
B25: 13 | C25: 2. Paciente Infantil / 2.6 Ceia completa | D25: und. | E25: 17.475.068/0001-20 | F25: 547 | G25: 7603.3
B26: 14 | C26: 2. Paciente Infantil / 2.7 Ceia leve | D26: und. | E26: 17.475.068/0001-20 | F26: 581 | G26: 4008.9
B27: 15 | C27: 3. Acompanhante / 3.1 Desjejum | D27: und. | E27: 17.475.068/0001-20 | F27: 1676 | G27: 9134.2
B28: 16 | C28: 3. Acompanhante / 3.2 Almoço | D28: und. | E28: 17.475.068/0001-20 | F28: 1915 | G28: 37151
B29: 17 | C29: 3. Acompanhante / 3.3 Colação | D29: und. | E29: 17.475.068/0001-20 | F29: 89 | G29: 324.85
B30: 18 | C30: 3. Acompanhante / 3.4 Lanche | D30: und. | E30: 17.475.068/0001-20 | F30: 84 | G30: 306.6
B31: 19 | C31: 3. Acompanhante / 3.5 Ceia completa | D31: und. | E31: 17.475.068/0001-20 | F31: 1928 | G31: 26799.2
B32: 20 | C32: 3. Acompanhante / 3.6 Jantar | D32: und. | E32: 17.475.068/0001-20
B33: 21 | C33: 4. Funcionários / 4.1 Desjejum | D33: und. | E33: 17.475.068/0001-20 | F33: 354 | G33: 1766.46
B34: 22 | C34: 4. Funcionários / 4.2 Almoço | D34: und. | E34: 17.475.068/0001-20 | F34: 2365 | G34: 46235.75
B35: 23 | C35: 4. Funcionários / 4.3 Lanche | D35: und. | E35: 17.475.068/0001-20
B36: 24 | C36: 4. Funcionários / 4.4 Jantar | D36: und. | E36: 17.475.068/0001-20 | F36: 287 | G36: 4893.35
B37: 25 | C37: 4. Funcionários / 4.5 Ceia completa | D37: und. | E37: 17.475.068/0001-20 | F37: 1112 | G37: 15623.6
B38: TOTAL REFEIÇÕES NO MÊS | F38: 24719 | G38: 289472.91
B40: CAMPO | C40: ELEMENTOS DO CONTRATO | D40: MEDIDA | E40: CNPJ PRESTADOR | F40: QTDE. MÊS
B41: 26 | C41: 5. Dieta Líquida / 5.1 Líquida | D41: und.
B42: 27 | C42: 5. Dieta Líquida / 5.2 Semi-líquida | D42: und.
B43: 28 | C43: 5. Dieta Líquida / 5.3 Líquida Restrita | D43: und.
B44: 29 | C44: 5. Dieta Líquida / 5.4 Fórmula Láctea ou Não Láctea | D44: und.
B45: 30 | C45: 5. Dieta Líquida / 5.5 Fórmula Infantil | D45: und.
B46: 31 | C46: 5. Dieta Líquida / 5.6 Fórmula Enteral | D46: und.
B47: TOTAL DIETAS LÍQUIDAS NO MÊS | F47: 0 | G47: 0
B49: TOTAL GERAL NO MÊS | F49: 24719 | G49: 289472.91
C53: Responsável pelo preenchimento
B55: Nome: | C55: POLYANE SANTOS
B56: Cargo: | C56: SUPERVISORA DE NUTRIÇÃO
B57: Telefone: | C57: 71 99323-9977
B58: E-mail: | C58: NUTRICAO.HMV@FABAMED.ORG.BR

Sheet INFRA-ESTRUTURA
B2: Secretaria da Saúde do Estado da Bahia | E2: UNIDADE | F2: HMV
B3: Relatório de Informação Hospitalar | E3: ANO | F3: 2026
E4: MÊS | F4: SETEMBRO
A8: BLOCO H | B8: INFRA-ESTRUTURA E FINANCEIRO
A9: CAMPO | B9: DESCRIÇÃO / DETALHAMENTO DA SOLICITAÇÃO | C9: DATA DA SOLICITAÇÃO | D9: NÚMERO DO PROCESSO | E9: VALOR ESTIMADO | F9: CLASSIFICAÇÃO | G9: SITUAÇÃO ATUAL DO PROCESSO
A10: 1
A11: 2
A12: 3
A13: 4
A14: 5
A15: 6
A16: 7
A17: 8
A18: 9
A19: 10
B22: AQUISIÇÃO DE BENS PERMANENTES (EQUIPAMENTOS)
A24: CAMPO | B24: DESCRIÇÃO DO EQUIPAMENTOS / ESPECIFICAÇÃO | C24: CÓDIGO SIMPAS | D24: DATA DA SOLICITAÇÃO | E24: NÚMERO DO PROCESSO | F24: QUANTIDADE | G24: VALOR ESTIMADO | H24: SITUAÇÃO ATUAL DO PROCESSO
A25: 1
A26: 2
A27: 3
A28: 4
A29: 5
A30: 6
A31: 7
A32: 8
A33: 9
A34: 10
A35: 11
A36: 12
... A40: 16
D44: Responsável pelo preenchimento
C46: Nome:
C47: Cargo:
C48: Telefone:
C49: E-mail:

Sheet RH
B2: Secretaria da Saúde do Estado da Bahia | G2: UNIDADE: | H2: HMV
B3: Relatório de Informação Hospitalar | G3: ANO | H3: 2026
G4: MÊS | H4: SETEMBRO | I4: OK
B8: BLOCO I | C8: PLANILHA DE INFORMAÇÕES - RECURSOS HUMANOS
A10: Campo | B10: Cargo / Função | C10: Carga Horária | D10: Quantidade | E10: Remuneração Máxima | F10: Remuneração Mínima | G10: Vínculo Contratual | H10: Jornada de Trabalho
A12: 1. Diretorias / Coordenações / Supervisões
A13: 1.1 | B13: Administrador Hospitalar | C13: 40hs | G13: CLT | H13: Mensalista
A14: 1.2 | B14: Coordenador de Enfermagem (Ambulatório ) | C14: 44hs | G14: CLT | H14: Mensalista
A15: 1.3 | B15: Coordenador de Enfermagem(Bloco Cirurgico) | C15: 40hs | G15: CLT | H15: Mensalista
A16: 1.4 | B16: Coordenador de Enfermagem ( Enfermaria ) | C16: 40hs | D16: 1 | E16: 7410.32 | F16: 7410.32 | G16: CLT | H16: Mensalista
A17: 1.5 | B17: Coordenador de contas médicas( Faturamento ) | C17: 40hs | G17: CLT | H17: Mensalista
A18: 1.6 | B18: Coordenador NIR | C18: 40hs | G18: CLT | H18: Mensalista
A19: 1.7 | B19: Coordenador de Residência Clínica | G19: CLT | H19: Mensalista
A20: 1.8 | B20: Controller | G20: CLT | H20: Mensalista
A21: 1.9 | B21: Coordenador Emergencia Cirurgica | G21: CLT | H21: Mensalista
A22: 1.10 | B22: Gerente administrativo | G22: CLT | H22: Mensalista
A23: 1.11 | B23: Farmacêutica RT | C23: 40hs | D23: 1 | E23: 6012.11 | F23: 6012.11 | G23: CLT | H23: Mensalista
A24: 1.12 | B24: Fisioterapeuta RT | C24: 44hs | D24: 1 | E24: 4477.4 | F24: 4477.4 | G24: CLT | H24: Mensalista
A25: 1.13 | B25: Nutricionista RT | C25: 44hs | D25: 1 | E25: 4056.7 | F25: 4056.7 | G25: CLT | H25: Mensalista
A26: 1.14 | B26: Biomédico | C26: 36hs | G26: CLT | H26: Mensalista
A27: 1.15 | B27: Analista Clinico | C27: 40hs | G27: CLT | H27: Mensalista
A28: 1.16 | B28: Psicólogo RT | C28: 36hs | G28: CLT | H28: Mensalista
A29: 1.17 | B29: Coordenador de Regulação | C29: 44hs | D29: 1 | E29: 4831.16 | F29: 4831.16 | G29: CLT | H29: Mensalista
A30: 1.18 | B30: Técnologo da Informação | C30: 40hs | G30: CLT | H30: Mensalista
A31: 1.19 | B31: Supervisor de Enfermagem | C31: 44hs | G31: CLT | H31: Mensalista
A32: 1.20 | B32: Coordenador Vascular | G32: CLT | H32: Mensalista
A33: 1.21 | B33: Diretor Administrativo | G33: CLT | H33: Mensalista
A34: 1.22 | B34: Diretor Operacional (Gestor Geral) | C34: 40hs | G34: CLT | H34: Mensalista
A35: 1.23 | B35: Diretor | G35: CLT | H35: Mensalista
A36: 1.24 | B36: Diretor de Ensino e Pesquisa | G36: CLT | H36: Mensalista
A37: 1.25 | B37: Diretor Técnico (Médico) | C37: 40hs | G37: CLT | H37: Mensalista
A38: 1.26 | B38: Gerente de Enfermagem | C38: 44hs | D38: 1 | E38: 8479.42 | F38: 8479.42 | G38: CLT | H38: Mensalista
A39: 1.27 | B39: Supervisor Financeiro | C39: 44hs | G39: CLT | H39: Mensalista
A40: 1.28 | B40: Consultor de Recursos Humanos | G40: CLT | H40: Mensalista
A41: 1.29 | B41: Supervisor de Prestação de Contas | C41: 44hs | D41: 1 | E41: 6.806.57 | F41: 6.806.57 | G41: CLT | H41: Mensalista
A42: 1.30 | B42: Encarregado Administrativo ( Compras ) | G42: CLT | H42: Mensalista
A43: 1.31 | B43: Gerente de Recursos Humanos | G43: CLT | H43: Mensalista
A44: 1.32 | B44: Supervisor Administrativo ( Limpeza ) | G44: CLT | H44: Mensalista
A45: 1.33 | B45: Supervisor Técnico ( Manutenção ) | G45: CLT | H45: Mensalista
A46: 1.34 | B46: Analista Administrativo ( D. Pessoal ) | C46: 40hs | G46: CLT | H46: Mensalista
A47: 1.35 | B47: Supervisor Laboratório | C47: 44hs | G47: CLT | H47: Mensalista
A49: 2. Profissionais de Nível Superior
A50: 2.1 | B50: Analista Jurídico | C50: 40hs | G50: CLT | H50: Mensalista
A51: 2.2 | B51: Assessor de Imprensa | G51: CLT | H51: Mensalista
A52: 2.3 | B52: Assessor Diretoria Geral | G52: CLT | H52: Mensalista
A53: 2.4 | B53: Assistente Social | C53: 30hs | D53: 5 | E53: 3251.75 | F53: 3251.75 | G53: CLT | H53: Mensalista
A54: 2.5 | B54: Assistente Social RT | C54: 30hs | G54: CLT | H54: Mensalista
A55: 2.6 | B55: Enfermeiro(a) (SCIH) | C55: 44hs | D55: 1 | E55: 5423.77 | F55: 5423.77 | G55: CLT | H55: Mensalista
A56: 2.7 | B56: Enfermeiro (Setor Fechado) | C56: 44hs | D56: 6 | E56: 5423.77 | F56: 5423.77 | G56: CLT | H56: Mensalista
A57: 2.8 | B57: Enfermeiro (Setor Aberto) | C57: 44hs | D57: 28 | E57: 5423.77 | F57: 5423.77 | G57: CLT | H57: Mensalista
A58: 2.9 | B58: Enfermeira Auditor | C58: 36hs | G58: CLT | H58: Mensalista
A59: 2.10 | B59: Enfermeiro Líder | C59: 44hs | G59: CLT | H59: Mensalista
A60: 2.11 | B60: Engenheiro | C60: 20hs | G60: CLT | H60: Mensalista
A61: 2.12 | B61: Farmacêutico ( Hospitalar ) | C61: 36hs | D61: 1 | E61: 6794.36 | F61: 6794.36 | G61: CLT | H61: Mensalista
A62: 2.13 | B62: Fisioterapeuta | C62: 30hs | D62: 12 | E62: 3589.9 | F62: 3589.9 | G62: CLT | H62: Mensalista
A63: 2.14 | B63: Fonoaudióloga | C63: 30hs | D63: 1 | E63: 3167.31 | F63: 3215.49 | G63: CLT | H63: Mensalista
A64: 2.15 | B64: Nutricionista | C64: 44hs | D64: 5 | E64: 3860.9 | F64: 3860.9 | G64: CLT | H64: Mensalista
A65: 2.16 | B65: Nutricionista Trainee | C65: 44hs | G65: CLT | H65: Mensalista
A66: 2.17 | B66: Psicólogo | C66: 44hs | D66: 2 | E66: 3889.29 | F66: 3889.29 | G66: CLT | H66: Mensalista
A67: 2.18 | B67: Terapeuta Ocupacional
A68: 3. Profissionais de Nível Médio / Técnicos
A69: 3.1 | B69: Auxiliar de rouparia_lavanderia | C69: 44hs | D69: 5 | E69: 1945.2 | F69: 1945.2 | G69: CLT | H69: Mensalista
A70: 3.2 | B70: Almoxarife | C70: 44hs | D70: 1 | E70: 3164.8 | F70: 3164.8 | G70: CLT | H70: Mensalista
A71: 3.3 | B71: Auxiliar Administrativo ( SAME/ Arquivista ) | C71: 40hs | D71: 1 | E71: 1621 | F71: 1621 | G71: CLT | H71: Mensalista
A72: 3.4 | B72: Analista Administrativo | C72: 40hs | G72: CLT | H72: Mensalista
A73: 3.5 | B73: Analista de Infraestrutura Civil Jr | C73: 40hs | G73: CLT | H73: Mensalista
A74: 3.6 | B74: Analista de Infraestrutura SR | C74: 40hs | G74: CLT | H74: Mensalista
A75: 3.7 | B75: Assistente Administrativo | C75: 44hs | D75: 2 | E75: 2393.94 | F75: 2393.94 | G75: CLT | H75: Mensalista
A76: 3.8 | B76: Analista de Honorário Medicos | C76: 44hs | D76: 1 | E76: 5267.04 | F76: 5267.04 | G76: CLT | H76: Mensalista
A77: 3.9 | B77: Analista de Custos PL | C77: 40hs | G77: CLT | H77: Mensalista
A78: 3.10 | B78: Auxiliar Administrativo/Ouvidoria | C78: 44hs | D78: 1 | E78: 1624 | F78: 1621 | G78: CLT | H78: Mensalista
A79: 3.11 | B79: Agente de Portaria | C79: 44hs | D79: 9 | E79: 1945.2 | F79: 1945.2 | G79: CLT | H79: Mensalista
A80: 3.12 | B80: Assistente Departamento Pessoal | C80: 44hs | D80: 1 | E80: 2912 | F80: 2912 | G80: CLT | H80: Mensalista
A81: 3.13 | B81: Auxiliar Administrativo | C81: 44hs | D81: 8 | E81: 1621 | F81: 1621 | G81: CLT | H81: Mensalista
A82: 3.14 | B82: Auxiliar almoxarife | C82: 44hs | D82: 1 | E82: 1621 | F82: 1621 | G82: CLT | H82: Mensalista
A83: 3.15 | B83: Auxiliar de Regulação | C83: 44hs | D83: 5 | E83: 1898.88 | F83: 1898.88 | G83: CLT | H83: Mensalista
A84: 3.16 | B84: Auxiliar de Farmácia | C84: 44hs | D84: 9 | E84: 1621 | F84: 1621 | G84: CLT | H84: Mensalista
A85: 3.17 | B85: Auxiliar de Laboratório | G85: CLT | H85: Mensalista
A86: 3.18 | B86: Agente. Operacional | G86: CLT | H86: Mensalista
A87: 3.19 | B87: Auxiliar de Cozinha | G87: CLT | H87: Mensalista
A88: 3.20 | B88: Encarregado /Auxiliar Técnico de Manutenção | G88: CLT | H88: Mensalista
A89: 3.21 | B89: Copeira | C89: 44hs | D89: 11 | E89: 1945.2 | F89: 1945.2 | G89: CLT | H89: Mensalista
A90: 3.22 | B90: Comprador | C90: 44hs | D90: 1 | E90: 4519.34 | F90: 4519.34 | G90: CLT | H90: Mensalista
A91: 3.23 | B91: Dispenseiro | G91: CLT | H91: Mensalista
A92: 3.24 | B92: Técnico em Eletricidade | C92: 40hs | G92: CLT | H92: Mensalista
A93: 3.25 | B93: Supervisor Administrativo ( Faturamento ) | G93: CLT | H93: Mensalista
A94: 3.26 | B94: Faturista | C94: 44hs | D94: 2 | E94: 2127.96 | F94: 2127.96 | G94: CLT | H94: Mensalista
A95: 3.27 | B95: Líder de Serviço de Apoio | C95: 44hs | D95: 1 | E95: 2469.26 | F95: 2469.26 | G95: CLT | H95: Mensalista
A96: 3.28 | B96: Líder de Atendimento | C96: 44hs | G96: CLT | H96: Mensalista
A97: 3.29 | B97: Maqueiro | C97: 44hs | D97: 6 | E97: 1945.2 | F97: 1945.2 | G97: CLT | H97: Mensalista
A98: 3.30 | B98: Motorista ( Ambulância ) | C98: 44hs | D98: 4 | E98: 1945.2 | F98: 1945.2 | G98: CLT | H98: Mensalista
A99: 3.31 | B99: Motorista ( Administrativo ) | C99: 44hs | G99: CLT | H99: Mensalista
A100: 3.32 | B100: Agente Administrativo ( Segurança ) | G100: CLT | H100: Mensalista
A101: 3.33 | B101: Recepcionista | C101: 44hs | D101: 9 | E101: 1945.2 | F101: 1945.2 | G101: CLT | H101: Mensalista
A102: 3.34 | B102: Técnico Administrativo | C102: 40hs | G102: CLT | H102: Mensalista
A103: 3.35 | B103: Instrumentador Cirurgico | C103: 36hs | G103: CLT | H103: Mensalista
A104: 3.36 | B104: Téc. Adm.(Material / Pessoal) | G104: CLT | H104: Mensalista
A105: 3.37 | B105: Téc. Faturista | C105: 40hs | G105: CLT | H105: Mensalista
A106: 3.38 | B106: Téc. de Enfermagem (Unid. Aberta) | C106: 36hs | D106: 79 | E106: 3044.65 | F106: 3044.65 | G106: CLT | H106: Mensalista
A107: 3.39 | B107: Téc. de Enfermagem (Unid. Fechado) | C107: 36hs | D107: 38 | E107: 3044.65 | F107: 3044.65 | G107: CLT | H107: Mensalista
...

Sheet AIH-SIA
D3: UNIDADE | E3: HMV
C4: Secretaria da Saúde do Estado da Bahia | D4: ANO | E4: 2026
C5: Relatório de Informação Hospitalar | D5: MÊS | E5: SETEMBRO
B11: BLOCO Q | C11: PRODUÇÃO INTERNAÇÃO (AIH) FÍSICO-FINANCEIRO
B13: CAMPO | C13: Unidade de Internação | D13: Físico | E13: Financeiro | F13: ok
B14: 1 | C14: Cinico Adulto | D14: 173 | E14: 244712
B15: 2 | C15: Clínica Pediatria | D15: 117 | E15: 55545.52
B16: 4 | C16: UTI - Unidade de Tratamento Intensivo Adulto (diárias) | D16: 242 | E16: 145200
B17: TOTAL | D17: =SUM(D14:D16) -> 532 | E17: =SUM(E14:E16) -> 445457.52 | F17: ok
C24: Responsável pelo preenchimento
C27: Márcia
C30: faturamento.hmv@fabamed.org.br

Sheet ANEXOS DE JUSTIFICATIVAS 
D2: Secretaria da Saúde do Estado da Bahia | E2: UNIDADE: | F2: HMV
D3: Relatório de Informação Hospitalar | E3: ANO | F3: 2026
E4: MÊS | F4: SETEMBRO
C7: SUPERVISOR DE ENFERMAGEM FAZ AS JUSTIFICATIVAS
B11: BLOCO V | D11: ANEXOS PARA JUSTIFICATIVAS E ESCLARECIMENTOS
B13: BLOCO | C13: CAMPO | D13: JUSTIFICATIVA / ESCLARECIMENTO
D28: Responsável pelo preenchimento:
A30: Nome:
A31: Cargo:
A32: Telefone:
A33: E-mail:
